 Dungeon Crawl Stone Soup version 0.28-a0-384-g9e0c098162 (webtiles) character file.

Game seed: 6895293776550168515

85 Spaninq the Cudgeller (level 4, 0/44 HPs)
             Began as a Troll Warper on Sept 2, 2021.
             Slain by an ogre (18 damage)
             ... on level 4 of the Dungeon.
             The game lasted 00:04:12 (3071 turns).

Spaninq the Cudgeller (Troll Warper)                Turns: 3071, Time: 00:04:13

Health: 0/44       AC:  4    Str: 20    XL:     4   Next: 25%
Magic:  4/4        EV:  9    Int:  9    God:
Gold:   88         SH:  0    Dex:  9    Spells: 5/5 levels left

rFire   . . .      SeeInvis .   n - +1 whip (vamp)
rCold   . . .      Faith    .   (no shield)
rNeg    . . .      Spirit   .   b - +0 robe
rPois   .          Reflect  .   (helmet restricted)
rElec   .          Harm     .   (no cloak)
rCorr   .          Rampage  .   (gloves unavailable)
Will    +....                   (boots unavailable)
Stlth   +.........              (no amulet)
HPRegen 1.14/turn               h - ring of willpower
MPRegen 0.09/turn               (no ring)

@: no status effects
A: large, unfitting armour, claws 3, regeneration 1, shaggy fur 1, tough skin 1
a: no special abilities


You were on level 4 of the Dungeon.
You visited 1 branch of the dungeon, and saw 4 of its levels.

You collected 88 gold pieces.

Inventory:

Hand Weapons
 n - a +1 vampiric whip (weapon)
Missiles
 d - 5 boomerangs of dispersal (quivered)
 g - 4 silver boomerangs
 s - 4 boomerangs
Armour
 b - a +0 robe (worn)
Jewellery
 f - a ring of wizardry
 h - a ring of willpower (left claw)
 j - an amulet of regeneration
Scrolls
 c - 2 scrolls of blinking
 e - 2 scrolls of fear {unknown}
 o - 2 scrolls of vulnerability {unknown}
 p - 3 scrolls of identify {unknown}
 q - a scroll of summoning {unknown}
 t - 2 scrolls of teleportation {unknown}
 u - a scroll of fog {unknown}
 v - 2 scrolls of amnesia {unknown}
Potions
 a - 2 potions of heal wounds {unknown}
 i - a potion of magic {unknown}
 k - a potion of curing {unknown}
 l - 2 potions of invisibility {unknown}
 m - a potion of attraction {unknown}
 r - a potion of haste {unknown}
 w - a potion of might {unknown}


   Skills:
 + Level 2.4 Fighting
 * Level 3.5 Maces & Flails
 - Level 0.8 Throwing
 - Level 1.9 Dodging
 - Level 1.2 Spellcasting
 - Level 2.1 Translocations


You had 5 spell levels left.
You didn't know any spells.
Your spell library contained the following spells:

 Spells                   Type           Power      Damage    Failure   Level
 Blink                    Tloc           N/A        N/A       22%         2
 Gell's Gravitas          Tloc           2%         N/A       41%         3
 Lesser Beckoning         Tloc           4%         N/A       41%         3
 Teleport Other           Tloc           4%         N/A       41%         3
 Manifold Assault         Tloc           4%         N/A       99%         5


Dungeon Overview and Level Annotations

Branches:
Dungeon (4/15)
 Temple: D:4-7

Altars:


Innate Abilities, Weirdness & Mutations

You are too large for most types of armour.
You have claws for hands.
Your natural rate of healing is unusually fast.
You are covered in fur. (AC +1)
You have tough skin. (AC +1)


Message History

The endoplasm jiggles.
The endoplasm barely misses you.
You barely miss the endoplasm.
The endoplasm hits you but does no damage.
You hit the endoplasm.
The endoplasm is lightly wounded.
The endoplasm hits you.
You hit the endoplasm.
The endoplasm is heavily wounded.
The endoplasm freezes you.
You are frozen.
You barely miss the endoplasm.
The endoplasm is moderately wounded.
The endoplasm hits you.
You barely miss the endoplasm.
The endoplasm is lightly wounded.
The endoplasm hits you but does no damage.
You whack the endoplasm!
You feel better.
You kill the endoplasm!
You hit the ogre.
The ogre is lightly wounded.
The ogre hits you with a +0 giant club.
You hit the ogre but do no damage.
The ogre is lightly wounded.
The ogre closely misses you.
You hit the ogre.
You feel better.
The ogre is moderately wounded.
You hit the ogre.
The ogre is heavily wounded.
The ogre hits you with a +0 giant club!!
Ouch! That really hurt!
You completely miss the ogre.
The ogre is heavily wounded.
The ogre hits you with a +0 giant club.
You barely miss the ogre.
The ogre is heavily wounded.
You hit the ogre.
You feel better.
The ogre is heavily wounded.
The ogre hits you with a +0 giant club!!
You die...

###.### #.# ###†# ###
#.# ...)###.# #.#
....##.#.##.## #. .#
##...^..#....###.# #.
.# #.#.##....#.....
####.#####.##
#.##.###....#####
#...........#
#.....<........>#
#.##........#
######.#####.##@#
#.##..Z.....# ###
#.##O# #.##........#
#.##Z## #.# #......
#.#...###.#####......
#.#.#.....O.......$..
#.#...#.#.Z..........
#.#####.#.###.##.....
#.. #.#.##...#.....
#.#............


You could see an ogre and a centaur skeleton.

Vanquished Creatures
  3 adders
  2 dart slugs
  6 ball pythons
  4 endoplasms
  5 giant cockroaches
  5 hobgoblins
  A jackal (D:3)
  3 quokkas
  6 bats
  4 frilled lizards
  5 goblins
  4 kobolds
  3 rats
51 creatures vanquished.

Vanquished Creatures (others)
  A withered plant (D:1)
1 creature vanquished.

Grand Total: 52 creatures vanquished

Notes
Turn   | Place    | Note
-------+----------+-------------------------------------------
     0 | D:1      | Spaninq the Troll Warper began the quest for the Orb.
     0 | D:1      | Reached XP level 1. HP: 19/19 MP: 1/1
   108 | D:1      | Reached skill level 2 in Maces & Flails
   260 | D:1      | Found a faded altar of an unknown god.
   305 | D:1      | Reached XP level 2. HP: 28/28 MP: 2/2
  1297 | D:2      | Reached XP level 3. HP: 25/35 MP: 3/3
  1471 | D:2      | Reached skill level 3 in Maces & Flails
  2736 | D:3      | Reached XP level 4. HP: 44/44 MP: 4/4
  3042 | D:4      | Noticed an ogre
  3071 | D:4      | Slain by an ogre

Illustrated notes

Levels and vault maps discovered:
D:1:      amcnicky_arrival_underground_garden, layout_basic,
          shapermc_ecumenical_altar_gd
D:2:      layout_loops_corners
D:3:      layout_rooms, serial_co_window_serial, co_window_paths_b,
          co_window_of_opportunity_a, co_window_paths_a, co_window_corner_a,
          co_window_paths_a, co_window_2corner, co_window_unsneaky_path_a,
          co_window_of_opportunity_c, co_window_corner_b, co_window_cross_3,
          co_window_broadway_c, co_window_4corner_b, minmay_quantized
D:4:      layout_loops_ring, uniq_ijyb

Skill      XL: |  1  2  3 |
---------------+----------+-----
Maces & Flails | 2 3 |  3.5
Fighting       | 2 |  2.4
Throwing       | |  0.8
Dodging        | |  1.9
Spellcasting   | |  1.2
Translocations | |  2.1

Action                   |  1- 3 |  4- 6 || total
-------------------------+-------+-------++-------
Melee: Mace              |    74 |       ||    74
       Whip              |   106 |    35 ||   141
 Stab: Sleeping          |     1 |       ||     1
Armor: Robe              |    79 |     7 ||    86
Dodge: Dodged            |    98 |    13 ||   111

Table legend: (Time is in decaauts)
 A = Elapsed time spent in this place.
 B = Non-inter-level travel time spent in this place.
 C = Inter-level travel time spent in this place.
 D = Time resting spent in this place.
 E = Time spent auto-exploring this place.
 F = Levels seen in this place.
 G = Mean time per level.
                   A        B        C        D        E       F      G
               +--------+--------+--------+--------+--------+-----+--------+
         Total |   3082 |   2892 |    190 |      0 |   2376 |   4 |  770.5 |
       Dungeon |   3082 |   2892 |    190 |      0 |   2376 |   4 |  770.5 |
               +--------+--------+--------+--------+--------+-----+--------+

Top non-repeatable levels by time:
     D:1: 1129 daAuts
     D:3: 901 daAuts
     D:2: 886 daAuts
     D:4: 165 daAuts
